 Dungeon Crawl Stone Soup version 0.20-a0-443-g0464b71 (webtiles) character file.

121 Derfel the Skirmisher (level 5, -3/47 HPs)
             Began as a Hill Orc Fighter on Jan 7, 2017.
             Slain by an orc priest
             ... wielding a +0 flail
              (4 damage)
             ... on level 3 of the Dungeon.
             The game lasted 00:05:35 (2396 turns).

Derfel the Skirmisher (Hill Orc Fighter)            Turns: 2396, Time: 00:05:35

Health: -3/47      AC:  4    Str: 25    XL:     5   Next: 5%
Magic:  5/5        EV: 12    Int:  8    God:
Gold:   77         SH: 10    Dex: 15    Spells: 4/4 levels left

rFire  . . .     SeeInvis .     a - +0 war axe
rCold  . . .     Gourm    .     b - +0 scale mail
rNeg   . . .     Faith    .     c - +0 shield
rPois  .         Spirit   .     (no helmet)
rElec  .         Reflect  .     (no cloak)
rCorr  .         Harm     .     (no gloves)
MR     .....                    (no boots)
Stlth  ..........               (no amulet)
                                n - ring of loudness (curse)
                                s - -3 ring of protection (curse)

@: mighty, agile
A: no striking features
a: Convert to Beogh


You were on level 3 of the Dungeon.
You were not hungry.

You visited 1 branch of the dungeon, and saw 3 of its levels.

You collected 77 gold pieces.

Inventory:

Hand Weapons
 a - a +0 war axe (weapon)
Missiles
 i - 109 stones (quivered)
Armour
 b - a +0 scale mail (worn)
 c - a +0 shield (worn)
Jewellery
 n - a cursed ring of loudness (right hand)
 s - a cursed -3 ring of protection (left hand)
Potions
 m - a potion of degeneration {unknown}
 o - a potion of lignification {unknown}
 t - a potion of flight {unknown}
Comestibles
 f - a bread ration
 g - 3 fruits
 h - a slice of pizza
 j - a meat ration
 l - a chunk of flesh
 p - a royal jelly


   Skills:
 + Level 4.8 Fighting
 + Level 4.3 Axes
 + Level 4.2 Armour
 - Level 3.4 Shields


You had 4 spell levels left.
You didn't know any spells.

Dungeon Overview and Level Annotations

Branches:
Dungeon (3/15)

Altars:
Sif Muna
Trog
Xom
The Shining One


Message History

* * * LOW HITPOINT WARNING * * *
You closely miss the goblin. You slash the adder!
You kill the adder!
You have reached level 5!
You feel stronger. You block the goblin's attack.
You slice the goblin!!
You kill the goblin!
You slash the worm!
The worm is severely wounded.
The worm closely misses you.
You slash the worm!
You kill the worm!
The orc priest invokes the aid of Beogh against you.
Beogh smites you!
* * * LOW HITPOINT WARNING * * *
You hear a shout!
The orc priest shouts, "Join the one true god or die!"
The orc priest hits you with a flail.
You die...

###.#..#.<#
.......#†#.#
.......†.#.#
.####...#..#.#
......#o#...##
...........##
.......o(..#
######o###.#
#@## #.# ..###
#.# .# .....
#.)†# # #.#.#
#.##. #....
... #. #.#.#
##. ## #.#.#
## #.#.#
##.#.##


You could see an orc priest and 2 orcs.

Vanquished Creatures
  An orc wizard (D:3)
  4 adders (D:3)
  An ooze (D:1)
  2 worms (D:3)
  3 leopard geckos
  3 orcs
  2 ball pythons
  4 bats
  10 hobgoblins
  2 jackals (D:3)
  4 kobolds
  6 goblins
  4 rats
46 creatures vanquished.

Notes
Turn   | Place    | Note
-------+----------+-------------------------------------------
     0 | D:1      | Derfel the Hill Orc Fighter began the quest for the Orb.
     0 | D:1      | Reached XP level 1. HP: 19/19 MP: 1/1
   170 | D:1      | Reached XP level 2. HP: 27/27 MP: 2/2
   876 | D:1      | Reached XP level 3. HP: 27/33 MP: 3/3
  1316 | D:2      | Found a shimmering altar of Xom.
  1318 | D:2      | Found a bloodstained altar of Trog.
  1320 | D:2      | Found a glowing golden altar of the Shining One.
  1321 | D:2      | Found a deep blue altar of Sif Muna.
  1771 | D:3      | Reached XP level 4. HP: 10/41 MP: 4/4
  1778 | D:2      | HP: 2/41 [poisoned by an adder]
  1785 | D:2      | HP: 1/41 [poisoned by an adder]
  2309 | D:3      | Noticed an ogre
  2392 | D:3      | Reached XP level 5. HP: 8/47 MP: 5/5
  2395 | D:3      | HP: 1/47 [orc priest/divine providence (8)]
  2396 | D:3      | Slain by an orc priest

Vault maps used:
D:1:      nagdon_arrival_double_spiral, minmay_misc_feat_ornament,
          minmay_curled_crystal
D:2:      minitemple
D:3:      feat_on_display

Skill      XL: |  1  2  3  4 |
---------------+-------------+-----
Fighting       | 4 |  4.8
Axes           | 3 4 |  4.3
Armour         | 4 |  4.2
Shields        | |  3.4

Action                   |  1- 3 |  4- 6 || total
-------------------------+-------+-------++-------
Melee: War axe           |   122 |    33 ||   155
  Use: Scroll            |     7 |     1 ||     8
       Potion            |     2 |     2 ||     4
  Eat: Chunk             |     3 |     2 ||     5
Armor: Scale mail        |    60 |    11 ||    71
Dodge: Dodged            |    36 |    16 ||    52
Block: Shield            |    69 |    24 ||    93
